AoeStats
← Joey_did_it

Arena

510186085Analyzed
1v1 RM · 2d ago on Sep 29, 2026· 28m 40s· 2 players
Game mode
Random Map
Map size
Tiny (2 player)
Population
200
Speed
Normal
Resources
Standard
Victory
Conquest
Starting age
Dark Age
Ending age
Imperial Age
RankedLock teamsTeams togetherTeam positionsShared explorationLock speedFull tech treeHidden civsTurbo modeCheats
Victory
Defeat
🇦🇷 Khmer · Argentina
1001
+16
🇺🇸 Sicilians · United States
1000
-48
Joey_did_it
14:54 Feudal Age
16:34 Wheelbarrow
20:49 Horse Collar
24:11 Man-at-Arms
nothouses
10:22 Feudal Age
13:20 Castle Age
11:26 Double-Bit Axe
12:09 Horse Collar
12:32 Gold Mining
12:41 Horse Collar
13:58 Stone Mining
15:07 Loom
22:11 Bow Saw
23:04 Wheelbarrow
23:38 Stone Shaft Mining
23:21 Town Watch
24:02 Bloodlines
24:17 Husbandry
24:54 Heavy Plow
25:40 Gold Shaft Mining
25:12 Light Cavalry
Connection lost

Rejoining the realm…

Still unreachable

The connection could not be restored.

Session expired

The server has moved on; the page needs a fresh start.